 Dungeon Crawl Stone Soup version 0.32-a0-909-gc671339a80 (webtiles) character file.

Game seed: 4380817479545032815

4529 tauben the Severer (level 10, -5/78 HPs)
             Began as a Mountain Dwarf Fighter on Apr 7, 2024.
             Was an Initiate of Gozag.
             Killed by divine providence
             ... invoked by a meliai
              (11 damage)
             ... on level 9 of the Dungeon.
             The game lasted 00:12:56 (8564 turns).

tauben the Severer (Mountain Dwarf Fighter)         Turns: 8564, Time: 00:12:58

Health: -5/78      AC: 19    Str: 25    XL:     10   Next: 17%
Magic:  0/10       EV:  5    Int: 10    God:    Gozag
Gold:   113        SH:  5    Dex: 15    Spells: 9/9 levels left

rFire   + . .        a - +0 war axe
rCold   . . .        c - +0 buckler
rNeg    + . .        H - +4 plate armour "Ytrillei" {rN+ Will+ Str+3}
rPois   .            t - +0 helmet
rElec   .            G - +0 cloak
rCorr   .            (no gloves)
SInv    .            y - +0 pair of boots
Will    ++...        p - amulet of guardian spirit Stlth
                     v - +6 ring of dexterity
HPRegen 0.33/turn    w - ring of protection from fire
MPRegen 0.12/turn

%: guardian spirit
@: lethally poisoned (-5 -> -9), studying Ranged Weapons
A: runic magic, artefact enchanting
a: Renounce Religion, Potion Petition, Call Merchant, Bribe Branch


You were on level 9 of the Dungeon.
You worshipped Gozag.
Gozag was aware of your devotion.
You visited 2 branches of the dungeon, and saw 10 of its levels.

You collected 989 gold pieces.
You spent 793 gold pieces at shops.
You paid 83 gold pieces to Gozag.

Inventory:

Hand Weapons
 a - a +0 war axe (weapon)
Armour
 c - a +0 buckler (worn)
 t - a +0 helmet (worn)
 y - a +0 pair of boots (worn)
 G - a +0 cloak (worn)
 H - the +4 plate armour "Ytrillei" (worn) {rN+ Will+ Str+3}
   (You bought it in a shop on level 4 of the Dungeon)

   Str+3:     It affects your strength (+3).
   rN+:       It protects you from negative energy.
   Will+:     It increases your willpower.
Magical Staves
 o - a staff of fire
Jewellery
 p - an amulet of guardian spirit (around neck)
 v - a +6 ring of dexterity (left hand)
 w - a ring of protection from fire (right hand)
Wands
 i - a wand of flame (34)
 r - a wand of iceblast (12)
 u - a wand of light (11)
 B - a wand of charming (19)
Scrolls
 b - 2 scrolls of vulnerability {unknown}
 e - a scroll of fog {unknown}
 f - 2 scrolls of enchant armour {unknown}
 m - a scroll of fear {unknown}
 n - a scroll of butterflies {unknown}
 q - 3 scrolls of teleportation {unknown}
 x - 3 scrolls of poison {unknown}
 z - a scroll of torment {unknown}
 A - a scroll of blinking {unknown}
 C - a scroll of amnesia {unknown}
 F - a scroll of enchant weapon {unknown}
Potions
 d - a potion of might
 g - 4 potions of invisibility
 h - a potion of enlightenment {unknown}
 j - a potion of curing
 k - 5 potions of heal wounds
 l - a potion of attraction {unknown}
 s - 2 potions of haste
 D - a potion of berserk rage {unknown}
 E - a potion of degeneration {unknown}
 I - a potion of lignification


   Skills:
 - Level 4.0 Fighting
 + Level 16.3 Axes
 - Level 4.0 Armour
 - Level 4.0 Shields
 - Level 4.0 Evocations


You had 9 spell levels left.
You didn't know any spells.
Your spell library contained the following spells:

 Spells                   Type           Power      Damage    Failure   Level
 Apportation              Tloc           0%         N/A       65%         1
 Necrotise                Necr           0%         1d4       65%         1
 Sting                    Conj/Alch      0%         1d3       65%         1
 Summon Small Mammal      Summ           0%         N/A       65%         1
 Ensorcelled Hibernation  Hex/Ice        0%         N/A       80%         2
 Call Canine Familiar     Summ           0%         N/A       95%         3
 Passwall                 Erth           0%         N/A       95%         3
 Sigil of Binding         Hex            0%         N/A       95%         3
 Swiftness                Air            0%         N/A       95%         3
 Dimensional Bullseye     Hex/Tloc       0%         N/A       100%        4
 Death Channel            Necr           0%         N/A       100%        6
 Sculpt Simulacrum        Ice/Alch       0%         N/A       100%        6


Dungeon Overview and Level Annotations

Branches:
Dungeon (9/15)             Temple (1/1) D:5
   Lair: D:8-11         Orc: D:9-12

Altars:
Ashenzari
Dithmenos
Elyvilon
Fedhas
Gozag
Hepliaklqana
Makhleb
Nemelex Xobeh
Okawaru
Qazlal
Ru
Sif Muna
Uskayaw
Vehumet
Wu Jian
Xom
Yredelemnul
Zin
The Shining One

Shops:
D:4 [   D:8 :

Annotations:
D:8 2 runed translucent doors


Innate Abilities, Weirdness & Mutations

Your spellcasting is much less encumbered by armour.
You can use scrolls of enchantment on lesser artefacts.


Message History

You feel sick. The meliai hits you with a +4 hand axe!
The meliai stings you but does no damage.
You hit the meliai.
The meliai is moderately wounded.
You feel sick. The meliai hits you with a +4 hand axe. The meliai stings you.
The meliai hits you but does no damage. The meliai stings you.
You barely miss the meliai.
The meliai is moderately wounded.
You feel very sick. The meliai hits you but does no damage.
You block the meliai's attack.
You hit the meliai.
The meliai is moderately wounded.
You feel sick. You block the meliai's attack.
The meliai stings you but does no damage.
The meliai completely misses you.
The meliai stings you but does no damage.
You hit the meliai.
The meliai is heavily wounded.
You feel sick.
The meliai mumbles some strange prayers to its god against you.
Something smites you!
You miss the meliai.
The meliai is heavily wounded.
You feel sick. The meliai barely misses you. You block the meliai's attack.
The meliai calls down the wrath of its god upon you.
Something smites you!
* * * LOW HITPOINT WARNING * * *
Aiming: Bolt of Light
Press: ? - help, Shift-Dir - straight line, f - meliai
Aim: a meliai, wielding a +4 hand axe and wearing a +0 robe (moderately wounded, 60% to hit)
The bolt of light hits the meliai!
The meliai is almost dead.
The meliai is blinded.
You feel sick.
The meliai invokes the aid of its god against you.
Something smites you!
* * * LOW HITPOINT WARNING * * *
The meliai mumbles some strange prayers to its god against you.
Something smites you!
You die...
Your body crumbles into a pile of gold.

.# #.# y. #.# #. #.#
#### ##Z ## #.# ..# ..
##. #.# #.# #.
##..##.# #.####.#
#.###......####.<....#
#...##...#..##...##..#
#.#o.##..y@......# #
#..##..##.#######.#
#.. #...#.# #.# ..o
##..#.# #.. #..#
#..$.# #.## ##.
#..#.#######.# #.
#..#.........#
#..##.#.#####
#(##....#


You could see a meliai (blind, unable to see you).

Vanquished Creatures
  Pikel (D:6)
  Maurice (D:8)
  Joseph (D:7)
  A kobold demonologist (D:7)
  Prince Ribbit (D:7)
  A hornet (D:8)
  A wraith (D:7)
  A steam dragon (D:7)
  A sky beast (D:8)
  3 orc warriors
  A black bear (D:7)
  3 ogres
  2 centaurs
  2 lemures
  A phantom (D:5)
  2 kobold brigands
  3 bullfrogs
  2 scorpions
  6 killer bees (D:8)
  4 howler monkeys
  2 hounds (D:6)
  3 orc priests
  A gnoll bouda (D:7)
  5 iguanas
  A sleepcap (D:8)
  4 orc wizards
  A killer bee simulacrum (D:9)
  9 gnolls
  4 adders
  A shadow imp (D:7)
  2 white imps
  A ribbon worm (D:2)
  3 dart slugs
  22 orcs
  2 ball pythons (D:1)
  4 bats
  9 endoplasms
  12 giant cockroaches
  4 goblins
  4 hobgoblins
  3 jackals (D:1)
  2 quokkas
  A frilled lizard (D:2)
  20 kobolds
  5 rats
163 creatures vanquished.

Notes
Turn   | Place    | Note
-------+----------+-------------------------------------------
     0 | D:1      | tauben the Mountain Dwarf Fighter began the quest for the
                  | Orb.
     0 | D:1      | Reached XP level 1. HP: 19/19 MP: 1/1
     1 | D:1      | Found a runed translucent door.
   144 | D:1      | Reached XP level 2. HP: 26/26 MP: 2/2
   697 | D:1      | Reached skill level 3 in Axes
   697 | D:1      | Reached XP level 3. HP: 26/33 MP: 3/3
  1626 | D:2      | Reached XP level 4. HP: 40/40 MP: 4/4
  2223 | D:3      | Found a blossoming altar of Fedhas.
  2640 | D:3      | Found a sacrificial altar of Ru.
  2835 | D:4      | Found Byucrogi's Armour Boutique.
  2959 | D:4      | Reached skill level 4 in Axes
  3119 | D:4      | Noticed an ogre
  3128 | D:4      | Killed an ogre
  3129 | D:4      | Reached skill level 5 in Axes
  3129 | D:4      | Reached XP level 5. HP: 16/46 MP: 2/5
  3368 | D:4      | Reached skill level 6 in Axes
  3382 | D:4      | Reached XP level 6. HP: 36/52 MP: 4/6
  3765 | D:4      | Reached skill level 7 in Axes
  4139 | D:4      | Found a sparkling altar of Nemelex Xobeh.
  4188 | D:5      | Entered Level 5 of the Dungeon
  4217 | D:5      | Reached skill level 8 in Axes
  4229 | D:5      | Reached XP level 7. HP: 48/59 MP: 5/7
  4343 | D:5      | Found a staircase to the Ecumenical Temple.
  4376 | Temple   | Entered the Ecumenical Temple
  4459 | Temple   | Became a worshipper of Gozag Ym Sagoz the Greedy
  4572 | D:5      | Reached skill level 1 in Evocations
  5394 | D:6      | Identified the +0 chain mail "Cet Cue" {Int+3}
  5450 | D:6      | Noticed Pikel
  5498 | D:6      | Reached skill level 9 in Axes
  5608 | D:6      | Killed Pikel
  5609 | D:6      | Reached skill level 10 in Axes
  5609 | D:6      | Reached XP level 8. HP: 24/66 MP: 1/8
  6027 | D:7      | Noticed a kobold demonologist
  6054 | D:6      | Reached skill level 11 in Axes
  6218 | D:7      | Noticed Joseph
  6229 | D:7      | Killed Joseph
  6230 | D:7      | Reached skill level 12 in Axes
  6477 | D:7      | Reached XP level 9. HP: 57/71 MP: 7/9
  6648 | D:7      | Reached skill level 13 in Axes
  6744 | D:7      | Killed a kobold demonologist
  7114 | D:7      | Identified the +3 trident of an ossuary {freeze, rC+}
  7174 | D:7      | Reached skill level 14 in Axes
  7296 | D:7      | Noticed Prince Ribbit
  7313 | D:7      | Killed Prince Ribbit
  7433 | D:8      | Found a runed translucent door.
  7435 | D:8      | Found a runed translucent door.
  7524 | D:8      | Reached skill level 15 in Axes
  7704 | D:8      | Noticed Maurice
  7772 | D:8      | Maurice stole a staff of fire
  7795 | D:8      | Something stole 576 gold
  7802 | D:8      | Killed Maurice
  7803 | D:8      | Reached skill level 16 in Axes
  7803 | D:8      | Reached XP level 10. HP: 62/78 MP: 4/10
  7976 | D:4      | Bought the +4 plate armour "Ytrillei" {rN+ Will+ Str+3} for
                  | 793 gold pieces
  8174 | D:8      | Found Usezypig's Vocational Training.
  8468 | D:9      | Noticed a meliai
  8564 | D:9      | Killed from afar by a meliai

Illustrated notes

Levels and vault maps discovered:
D:1:      dpeg_arrival_caged_fury, layout_basic, serial_rivers,
          chequers_serial_rivers_micro_c, chequers_serial_rivers_marsh,
          chequers_serial_rivers_marsh, chequers_serial_rivers_small_b,
          chequers_serial_rivers_micro_a
D:2:      layout_basic
D:3:      layout_loops_ring, fedhas_altar_fruit_tree, lemuel_doored_altar
D:4:      layout_basic, mainiacjoe_overflow_alcove_4, serial_shops, shop
D:5:      layout_basic, minmay_temple_entry_statues
D:6:      layout_loops_ring, minmay_misc_feat_tower, uniq_pikel
D:7:      dreamdust_elfheim, layout_gridville, minmay_manual_moon,
          uniq_prince_ribbit1, uniq_joseph
D:8:      lemuel_insect_pit, layout_basic, nicolae_shop_vocational, uniq_maurice
D:9:      minmay_the_grid_octo_2x2 [minmay_the_grid_octo_vomiting_pacman,
          minmay_the_grid_octo_77, minmay_the_grid_octo_odd_swirl,
          minmay_the_grid_octo_prize_square_snowflake], layout_loops_ring,
          gammafunk_temple_overflow_elements, orc_0_dummy
Temple:   nicolae_temple_slightly_damp_pantheon

Skill      XL: |  1  2  3  4  5  6  7  8  9 |
---------------+----------------------------+-----
Axes           | 3 5 6 8 10 12 16 | 16.3
Fighting       | 4 |  4.0
Armour         | 4 |  4.0
Shields        | 4 |  4.0
Evocations     | 4 |  4.0

Action                     |  1- 3 |  4- 6 |  7- 9 | 10-12 || total
---------------------------+-------+-------+-------+-------++-------
  Melee: War axe           |   138 |   176 |   309 |    25 ||   648
  Evoke: Wand              |       |       |     4 |     1 ||     5
    Use: Scroll            |       |     4 |     2 |       ||     6
         Potion            |       |     1 |     1 |       ||     2
   Stab: Distracted        |       |       |     1 |       ||     1
         Invisible         |       |       |     3 |       ||     3
 Armour: Scale mail        |   137 |    25 |       |       ||   162
         Chain mail        |       |   110 |   241 |       ||   351
         Skin              |       |    21 |       |       ||    21
         Plate armour      |       |       |       |    23 ||    23
  Dodge: Dodged            |    69 |    58 |   107 |     6 ||   240
  Block: Buckler           |    31 |    26 |    67 |     4 ||   128

Table legend: (Time is in decaauts)
 A = Elapsed time spent in this place.
 B = Non-inter-level travel time spent in this place.
 C = Inter-level travel time spent in this place.
 D = Time resting spent in this place.
 E = Time spent auto-exploring this place.
 F = Levels seen in this place.
 G = Mean time per level.
                   A        B        C        D        E       F      G
               +--------+--------+--------+--------+--------+-----+--------+
         Total |   8644 |   8078 |    566 |    705 |   6002 |  10 |  864.4 |
       Dungeon |   8546 |   8006 |    540 |    705 |   5933 |   9 |  949.6 |
        Temple |     97 |     71 |     26 |      0 |     69 |   1 |   97.0 |
               +--------+--------+--------+--------+--------+-----+--------+

Top non-repeatable levels by time:
     D:4: 1445 daAuts
     D:2: 1298 daAuts
     D:7: 1203 daAuts
     D:6: 1129 daAuts
     D:8: 883 daAuts
     D:5: 863 daAuts
     D:1: 816 daAuts
     D:3: 784 daAuts
     D:9: 121 daAuts
  Temple: 97 daAuts
